 Dungeon Crawl Stone Soup version 0.28.0 (webtiles) character file.

Game seed: 570129341291809939

100 mortz the Chiller (level 5, 0/36 HPs)
             Began as a Human Ice Elementalist on Feb 12, 2022.
             Slain by a black bear (1 damage)
             ... on level 3 of the Dungeon.
             The game lasted 00:28:38 (2288 turns).

mortz the Chiller (Human Ice Elementalist)          Turns: 2288, Time: 00:28:41

Health: 0/36       AC: 12    Str:  8    XL:     5   Next: 3%
Magic:  5/9        EV: 10    Int: 17    God:
Gold:   54         SH:  0    Dex: 14    Spells: 3/9 levels left

rFire   . . .      SeeInvis .   o - +1 mace (protect)
rCold   . . .      Faith    .   (no shield)
rNeg    . . .      Spirit   .   x - +0 ring mail
rPois   .          Reflect  .   (no helmet)
rElec   .          Harm     .   (no cloak)
rCorr   .          Rampage  .   (no gloves)
Will    .....                   (no boots)
Stlth   +.........              (no amulet)
HPRegen 0.12/turn               (no ring)
MPRegen 0.11/turn               (no ring)

@: under a protective aura
A: no striking features
a: no special abilities


You were on level 3 of the Dungeon.
You visited 1 branch of the dungeon, and saw 3 of its levels.

You collected 74 gold pieces.
You donated 20 gold pieces to Zin.

Inventory:

Hand Weapons
 a - a +0 dagger
 b - a +0 hunting sling
 d - a +0 short sword
 e - a +0 dagger
 g - a +0 quarterstaff
 o - a +1 mace of protection (weapon)
Missiles
 f - 79 stones
 h - 3 poisoned darts (quivered)
Armour
 u - a +0 leather armour
 x - a +0 ring mail (worn)
Scrolls
 i - a scroll of enchant weapon {unknown}
 k - a scroll of vulnerability
 m - a scroll of identify {unknown}
 q - a scroll of summoning {unknown}
 t - a scroll of fog {unknown}
 w - a scroll of magic mapping {unknown}
 y - a scroll of enchant armour {unknown}
Potions
 c - 2 potions of ambrosia {unknown}
 j - a potion of magic {unknown}
 l - a potion of flight {unknown}
 r - a potion of lignification {unknown}
 s - a potion of might {unknown}
 v - a potion of heal wounds {unknown}


   Skills:
 + Level 0.3 Fighting
 + Level 0.2 Short Blades
 + Level 0.7 Maces & Flails
 + Level 0.3 Armour
 + Level 2.5 Dodging
 + Level 2.2 Stealth
 + Level 2.9 Spellcasting
 + Level 4.7 Ice Magic


You had 3 spell levels left.
You knew the following spells:

 Your Spells              Type           Power      Damage    Failure   Level
a - Freeze                Ice            72%        1d9       8%          1
b - Frozen Ramparts       Ice            36%        1d5       22%         3
c - Ensorcelled Hibernat  Hex/Ice        20%        N/A       30%         2

Your spell library contained the following spells:

 Spells                   Type           Power      Damage    Failure   Level
 Ozocubu's Armour         Ice            18%        N/A       22%         3
 Beastly Appendage        Tmut           4%         N/A       50%         1
 Passwall                 Tmut/Erth      1%         N/A       63%         2
 Wereblood                Tmut           2%         N/A       63%         2
 Portal Projectile        Hex/Tloc       4%         N/A       86%         3
 Spider Form              Tmut/Pois      2%         N/A       86%         3
 Swiftness                Air            2%         N/A       86%         3
 Hailstorm                Conj/Ice       10%        3d5       90%         4
 Blade Hands              Tmut           1%         N/A       100%        5
 Excruciating Wounds      Necr           1%         N/A       100%        5


Dungeon Overview and Level Annotations

Branches:
Dungeon (3/15)

Altars:
Zin

Shops:
D:3 *


Message History

Casting: Freeze (safe; 8% risk of failure)
Confirm with . or Enter, or press ? or * to list all spells.
Aiming: Freeze (safe; 8% risk of failure)
Press: ? - help, Shift-Dir - straight line, f/p - black bear
Aim: a black bear (moderately wounded)
You freeze the black bear!
The black bear is severely wounded.
The black bear bites you. The black bear closely misses you. x2
Casting: Freeze (safe; 8% risk of failure)
Confirm with . or Enter, or press ? or * to list all spells.
Aiming: Freeze (safe; 8% risk of failure)
Press: ? - help, Shift-Dir - straight line, f/p - black bear
Aim: a black bear (severely wounded)
You freeze the black bear.
The black bear is severely wounded.
The black bear closely misses you.
The black bear claws you but does no damage.
The black bear closely misses you.
You hit the black bear.
The black bear is almost dead.
The black bear goes berserk!
You hit the black bear.
The black bear is almost dead.
The black bear bites you but does no damage.
The black bear claws you. The black bear closely misses you.
The black bear bites you. The black bear claws you.
The black bear closely misses you.
You barely miss the black bear.
The black bear is almost dead.
The black bear bites you!
* * * LOW HITPOINT WARNING * * *
The black bear claws you.
* * * LOW HITPOINT WARNING * * *
The black bear claws you.
* * * LOW HITPOINT WARNING * * *
The black bear bites you but does no damage.
The black bear claws you but does no damage. x2
The black bear bites you but does no damage.
The black bear claws you.
You die...

#...)........#
#............+
#............#
#............#
#............#
#............#
#............#
######h#######
#@# #.# #.#
#.# #.# #.#
#.# #.# #.#


You could see a black bear (berserk).

Vanquished Creatures
  A gnoll (D:1)
  3 adders
  A worm (D:3)
  A dart slug (D:2)
  8 ball pythons
  3 endoplasms (D:2)
  2 giant cockroaches
  4 goblins
  5 hobgoblins
  4 jackals (D:2)
  5 quokkas
  4 bats
  A frilled lizard (D:1)
  8 kobolds
  5 rats
55 creatures vanquished.

Vanquished Creatures (others)
  A kobold (D:3)
1 creature vanquished.

Grand Total: 56 creatures vanquished

Notes
Turn   | Place    | Note
-------+----------+-------------------------------------------
     0 | D:1      | mortz the Human Ice Elementalist began the quest for the
                  | Orb.
     0 | D:1      | Reached XP level 1. HP: 13/13 MP: 3/3
   163 | D:1      | Reached XP level 2. HP: 12/19 MP: 1/5
   615 | D:1      | Reached XP level 3. HP: 19/24 MP: 4/6
   783 | D:1      | Learned a level 3 spell: Frozen Ramparts
   786 | D:1      | Learned a level 2 spell: Ensorcelled Hibernation
   876 | D:1      | Found a faded altar of an unknown god.
   880 | D:1      | Prayed at the altar of an unknown god.
   880 | D:1      | Became a worshipper of Zin the Law-Giver
   880 | D:1      | Reached * piety under Zin
   881 | D:1      | Donated 17 gold pieces to Zin
   882 | D:1      | Fell from the grace of Zin
  1426 | D:2      | Reached XP level 4. HP: 25/30 MP: 4/7
  2260 | D:3      | Found Udir's General Store.
  2265 | D:3      | Noticed a black bear
  2282 | D:3      | Reached XP level 5. HP: 25/36 MP: 7/9
  2288 | D:3      | HP: 1/36 [black bear (2)]
  2288 | D:3      | Slain by a black bear

Illustrated notes

Levels and vault maps discovered:
D:1:      wander_arrival_fairy_ring, layout_rooms,
          hellmonk_ecumenical_altar_inner_sanctum, kennysheep_crisscross
D:2:      layout_basic, grunt_ministairs_13, mrwooster_statue_mirror,
          minmay_snake_closets
D:3:      wander_river, layout_basic, serial_shops, nicolae_shop_crystal

Action                   |  1- 3 |  4- 6 || total
-------------------------+-------+-------++-------
Melee: Short sword       |    21 |       ||    21
       Unarmed           |     6 |       ||     6
       Mace              |    50 |    45 ||    95
 Cast: Freeze            |    30 |    23 ||    53
       Ensorcelled Hiber |     1 |       ||     1
Invok: Donate Gold       |     1 |       ||     1
       Renounce Religion |     1 |       ||     1
  Use: Scroll            |       |     1 ||     1
Armor: Robe              |    18 |       ||    18
       Leather armour    |    15 |    16 ||    31
       Ring mail         |       |    11 ||    11
Dodge: Dodged            |    61 |    41 ||   102
